 Dungeon Crawl Stone Soup version 0.28-a0-439-g4cf4cd4993 (webtiles) character file.

Game seed: 5650573181091165277

212 Gargoyl the Skirmisher (level 5, -8/47 HPs)
             Began as a Gnoll Abyssal Knight on Sept 11, 2021.
             Was a Believer of Lugonu.
             Mangled by Menkaure (18 damage)
             ... on level 4 of the Dungeon.
             The game lasted 00:04:03 (2719 turns).

Gargoyl the Skirmisher (Gnoll Abyssal Knight)       Turns: 2719, Time: 00:04:03

Health: -8/47      AC:  9    Str: 12    XL:     5   Next: 89%
Magic:  8/8        EV:  6    Int: 12    God:    Lugonu [**....]
Gold:   40         SH:  4    Dex: 16    Spells: 7/7 levels left

rFire   + + .      SeeInvis .   d - +10 morningstar "Guitzir" {pain, rF+ Dex+5}
rCold   + . .      Faith    .   j - +0 buckler
rNeg    . . .      Spirit   .   n - +0 chain mail
rPois   .          Reflect  .   (no helmet)
rElec   .          Harm     .   g - scarf {rC+ rF+}
rCorr   .          Rampage  .   (no gloves)
Will    .....                   (no boots)
Stlth   ..........              (no amulet)
HPRegen 0.15/turn               (no ring)
MPRegen 0.11/turn               (no ring)

@: no status effects
A: fangs 1, strong nose, distributed training
a: Renounce Religion, Depart the Abyss, Bend Space


You were on level 4 of the Dungeon.
You worshipped Lugonu.
Lugonu was pleased with you.
You visited 1 branch of the dungeon, and saw 4 of its levels.
You visited the Abyss 1 time.

You collected 105 gold pieces.
You spent 65 gold pieces at shops.

Inventory:

Hand Weapons
 a - a +1 hand axe
 d - the +10 morningstar "Guitzir" (weapon) {pain, rF+ Dex+5}
   (You found it on level 3 of the Abyss)

   In the hands of one skilled in necromantic magic, it inflicts extra damage on
   living creatures.
   Dex:       It affects your dexterity (+5).
   rF:        It protects you from fire.
Missiles
 k - 13 poisoned darts (quivered)
Armour
 g - a scarf of resistance (worn)
 j - a +0 buckler (worn)
 n - a +0 chain mail (worn)
Wands
 c - a wand of paralysis (3)
Scrolls
 b - a scroll of silence
 h - 2 scrolls of identify
Potions
 f - a potion of attraction {unknown}
 l - 3 potions of experience {unknown}
 o - a potion of curing {unknown}


   Skills:
 + Level 6.7 Fighting
 + Level 1.6 Short Blades
 + Level 1.6 Long Blades
 + Level 4.8 Axes
 + Level 1.6 Maces & Flails
 + Level 1.6 Polearms
 + Level 1.6 Staves
 + Level 1.6 Slings
 + Level 1.6 Bows
 + Level 1.6 Crossbows
 + Level 1.6 Throwing
 + Level 4.8 Armour
 + Level 3.1 Dodging
 + Level 1.6 Stealth
 + Level 1.6 Shields
 + Level 1.6 Unarmed Combat
 + Level 1.6 Spellcasting
 + Level 1.3 Conjurations
 + Level 1.3 Hexes
 + Level 1.3 Summonings
 + Level 1.3 Necromancy
 + Level 1.3 Translocations
 + Level 1.3 Transmutations
 + Level 1.3 Fire Magic
 + Level 1.3 Ice Magic
 + Level 1.3 Air Magic
 + Level 1.3 Earth Magic
 + Level 1.3 Poison Magic
 + Level 4.9 Invocations
 + Level 1.6 Evocations


You had 7 spell levels left.
You didn't know any spells.
Your spell library contained the following spells:

 Spells                   Type           Power      Damage    Failure   Level
 Magic Dart               Conj           16%        1d3       100%        1
 Sting                    Tmut/Pois      16%        1d3       100%        1
 Call Imp                 Summ           4%         N/A       100%        2
 Mephitic Cloud           Conj/Pois/Air  4%         N/A       100%        3
 Ozocubu's Armour         Ice            4%         N/A       100%        3
 Metabolic Englaciation   Hex/Ice        2%         N/A       100%        5
 Simulacrum               Ice/Necr       2%         N/A       100%        6


Dungeon Overview and Level Annotations

Branches:
Dungeon (4/15)
 Temple: D:4-7

Altars:
Gozag
Sif Muna

Shops:
D:2 !   D:3 *

Annotations:
D:4 Menkaure


Innate Abilities, Weirdness & Mutations

You have very sharp teeth.
Your uncanny sense of smell can sniff out nearby items.
Your experience applies equally to all skills.


Message History

Done exploring.
Done exploring.
(D) Dungeon
Where to? (Enter - D:3 @ (x,y), ? - help)
What level of the Dungeon? (default 1, ? - help)
There is a stone staircase leading down here.
You climb downwards.
You hear the sound of rushing water.
There is an entrance to a sewer on this level.
Hurry and find it before the portal rusts away!
There is a stone staircase leading up here.
As you read the scroll of magic mapping, it crumbles to dust.
You feel aware of your surroundings.
You sensed 2 altars, and 1 shop/portal.
Menkaure, Prince of Dust comes into view.
Menkaure shouts!
Found a stone staircase leading down.
Menkaure calls on the powers of darkness!
Your body is wracked with pain!
You hit Menkaure.
Menkaure is lightly damaged.
Menkaure hits you!
* * * LOW HITPOINT WARNING * * *
You hit Menkaure.
Menkaure is moderately damaged.
Menkaure calls on the powers of darkness!
Your body is wracked with pain!
* * * LOW HITPOINT WARNING * * *
You feel much better. Menkaure hits you but does no damage.
You hit Menkaure.
Menkaure is heavily damaged.
Menkaure gestures at you while chanting.
Pain shoots through your body!
You hit Menkaure. You bite Menkaure, but do no damage.
Menkaure is severely damaged.
Menkaure calls on the powers of darkness!
Your body is wracked with pain!
* * * LOW HITPOINT WARNING * * *
You barely miss Menkaure. You bite Menkaure, but do no damage.
Menkaure is severely damaged.
Menkaure barely misses you. Menkaure hits you!!
You die...

*,,,,,,,,+,
*,,*******,
***##.<,,,****,
###**,....,,*,,,,,,
#..,,.....,,*,,,,,,
#.###...,∆,,*,,,,,,
#.#...,,,,,,,,,,,,,
#.#M###.#.***,****,
#.@.......********,
#.#####>..,,,,,,,,,
#.# *******,,*,,*
#.# **,,,** #.#
*,,**, #.# *,,+,,
#.# *,,**, #.#
*,,,** #.# *,,,,*


You could see Menkaure.

Vanquished Creatures
  A hound (D:3)
  2 orc priests (D:3)
  3 adders
  An ufetubus (D:3)
  3 dart slugs
  9 orcs (D:3)
  11 bats
  2 endoplasms
  4 giant cockroaches
  9 goblins
  7 hobgoblins
  2 jackals (D:1)
  2 quokkas
  8 ball pythons
  6 kobolds
  3 rats
73 creatures vanquished.

Vanquished Creatures (others)
  2 fungi (D:1)
  2 plants (D:1)
4 creatures vanquished.

Grand Total: 77 creatures vanquished

Notes
Turn   | Place    | Note
-------+----------+-------------------------------------------
     0 | Abyss:1  | Gargoyl the Gnoll Abyssal Knight began the quest for the
                  | Orb.
     0 | Abyss:1  | Reached XP level 1. HP: 23/23 MP: 3/3
    84 | Abyss:1  | Found a sacrificial altar of Ru.
   115 | Abyss:3  | Identified the +10 morningstar "Guitzir" {pain, rF+ Dex+5}
   127 | Abyss:3  | Noticed a tentacled starspawn
   132 | D:1      | Escaped the Abyss
   222 | D:1      | Reached XP level 2. HP: 28/29 MP: 5/5
   268 | D:1      | Reached * piety under Lugonu
   470 | D:1      | Found a faded altar of an unknown god.
   476 | D:1      | Got Plato's Disquisition on Contamination
   741 | D:1      | Reached XP level 3. HP: 31/35 MP: 6/6
   995 | D:2      | Found Vonugor's Distillery.
  1064 | D:2      | Reached skill level 1 in Short Blades
  1064 | D:2      | Reached skill level 1 in Long Blades
  1064 | D:2      | Reached skill level 1 in Maces & Flails
  1064 | D:2      | Reached skill level 1 in Polearms
  1064 | D:2      | Reached skill level 1 in Staves
  1064 | D:2      | Reached skill level 1 in Slings
  1064 | D:2      | Reached skill level 1 in Bows
  1064 | D:2      | Reached skill level 1 in Crossbows
  1064 | D:2      | Reached skill level 1 in Throwing
  1064 | D:2      | Reached skill level 1 in Stealth
  1064 | D:2      | Reached skill level 1 in Shields
  1064 | D:2      | Reached skill level 1 in Unarmed Combat
  1064 | D:2      | Reached skill level 1 in Spellcasting
  1064 | D:2      | Reached skill level 1 in Evocations
  1259 | D:2      | Reached ** piety under Lugonu
  1260 | D:2      | Reached XP level 4. HP: 41/41 MP: 7/7
  1422 | D:2      | Bought a potion of heal wounds for 65 gold pieces
  1653 | D:3      | Reached skill level 1 in Conjurations
  1653 | D:3      | Reached skill level 1 in Hexes
  1653 | D:3      | Reached skill level 1 in Summonings
  1653 | D:3      | Reached skill level 1 in Necromancy
  1653 | D:3      | Reached skill level 1 in Translocations
  1653 | D:3      | Reached skill level 1 in Transmutations
  1653 | D:3      | Reached skill level 1 in Fire Magic
  1653 | D:3      | Reached skill level 1 in Ice Magic
  1653 | D:3      | Reached skill level 1 in Air Magic
  1653 | D:3      | Reached skill level 1 in Earth Magic
  1653 | D:3      | Reached skill level 1 in Poison Magic
  1655 | D:3      | Reached XP level 5. HP: 41/47 MP: 8/8
  1922 | D:3      | Found an opulent altar of Gozag.
  1923 | D:3      | Found Gozag's Platinum Reserve.
  2421 | D:3      | Found a shimmering blue altar of Sif Muna.
  2711 | D:4      | Noticed Menkaure
  2719 | D:4      | Mangled by Menkaure

Illustrated notes

Levels and vault maps discovered:
D:1:      dpeg_arrival_water_temple_mockup, layout_loops_ring,
          shapermc_ecumenical_altar_rom_forum
D:2:      layout_loops_ring, serial_shops, nicolae_shop_waterfront
D:3:      layout_basic, led_sif_pool, nicolae_gozag_zags_fifth_avenue,
          minmay_goblin_outpost
D:4:      layout_basic, mainiacjoe_overflow_surrounded_room,
          mainiacjoe_overflow_alcove_4, hellmonk_ghost_happy_afterlife,
          portal_sewer_entry_d, uniq_menkaure

Skill      XL: |  1  2  3  4  5 |
---------------+----------------+-----
Short Blades   | 1 |  1.6
Long Blades    | 1 |  1.6
Maces & Flails | 1 |  1.6
Polearms       | 1 |  1.6
Staves         | 1 |  1.6
Slings         | 1 |  1.6
Bows           | 1 |  1.6
Crossbows      | 1 |  1.6
Throwing       | 1 |  1.6
Stealth        | 1 |  1.6
Shields        | 1 |  1.6
Unarmed Combat | 1 |  1.6
Spellcasting   | 1 |  1.6
Evocations     | 1 |  1.6
Conjurations   | 1 |  1.3
Hexes          | 1 |  1.3
Summonings     | 1 |  1.3
Necromancy     | 1 |  1.3
Translocations | 1 |  1.3
Transmutations | 1 |  1.3
Fire Magic     | 1 |  1.3
Ice Magic      | 1 |  1.3
Air Magic      | 1 |  1.3
Earth Magic    | 1 |  1.3
Poison Magic   | 1 |  1.3
Dodging        | 3 |  3.1
Fighting       | |  6.7
Axes           | |  4.8
Armour         | |  4.8
Invocations    | |  4.9

Action                   |  1- 3 |  4- 6 || total
-------------------------+-------+-------++-------
Melee: Morningstar       |    65 |    64 ||   129
       Bite              |     4 |     3 ||     7
Invok: Depart the Abyss  |     1 |       ||     1
  Use: Scroll            |     1 |     5 ||     6
       Potion            |     1 |     1 ||     2
 Stab: Sleeping          |     4 |       ||     4
Armor: Leather armour    |    20 |       ||    20
       Ring mail         |    20 |    32 ||    52
       Chain mail        |       |    10 ||    10
Dodge: Dodged            |    62 |    59 ||   121
Block: Buckler           |     6 |    27 ||    33

Table legend: (Time is in decaauts)
 A = Elapsed time spent in this place.
 B = Non-inter-level travel time spent in this place.
 C = Inter-level travel time spent in this place.
 D = Time resting spent in this place.
 E = Time spent auto-exploring this place.
 F = Levels seen in this place.
 G = Mean time per level.
                   A        B        C        D        E       F      G
               +--------+--------+--------+--------+--------+-----+--------+
         Total |   2780 |   2660 |    120 |     94 |   1890 |   7 |  397.1 |
       Dungeon |   2649 |   2529 |    120 |     94 |   1802 |   4 |  662.2 |
         Abyss |    130 |    130 |      0 |      0 |     88 |   3 |   43.3 |
               +--------+--------+--------+--------+--------+-----+--------+

Top non-repeatable levels by time:
     D:3: 1124 daAuts
     D:1: 766 daAuts
     D:2: 738 daAuts
 Abyss:1: 95 daAuts
 Abyss:3: 23 daAuts
     D:4: 20 daAuts
 Abyss:2: 12 daAuts
